 Dungeon Crawl Stone Soup version 0.24.0-123-gd5b16e6ec5 (webtiles) character file.

Game seed: 14640826627098191420, levelgen mode: deterministic

18 Legadrian the Insei (level 2, 0/23 HPs)
             Began as a Human Transmuter on Feb 11, 2020.
             Slain by a hobgoblin
             ... wielding a +0 club
              (4 damage)
             ... on level 1 of the Dungeon.
             The game lasted 00:02:33 (642 turns).

Legadrian the Insei (Human Transmuter)               Turns: 642, Time: 00:02:33

Health: 0/23       AC:  2    Str: 10    XL:     2   Next: 90%
Magic:  4/5        EV: 12    Int: 13    God:
Gold:   9          SH:  0    Dex: 13    Spells: 2/5 levels left

rFire    . . .     SeeInvis .   l - +0 short sword
rCold    . . .     Gourm    .   (no shield)
rNeg     . . .     Faith    .   b - +0 robe
rPois    .         Spirit   .   (no helmet)
rElec    .         Reflect  .   (no cloak)
rCorr    .         Harm     .   (no gloves)
MR       .....                  (no boots)
Stlth    +.........             (no amulet)
HPRegen  0.07/turn              (no ring)
MPRegen  0.09/turn              (no ring)

@: appendage (expiring), very slightly contaminated
A: horns 2
a: End Transformation


You were on level 1 of the Dungeon.
You were not hungry.
You had grown temporary horns.
You visited 1 branch of the dungeon, and saw 1 of its levels.

You collected 9 gold pieces.

Inventory:

Hand Weapons
 l - a +0 short sword (weapon)
Missiles
 a - 12 arrows
Armour
 b - a +0 robe (worn)
 e - a +0 pair of gloves
Scrolls
 c - a scroll of random uselessness {unknown}
 f - a scroll of identify {unknown}
 h - a scroll of noise {unknown}
Potions
 i - a potion of heal wounds {unknown}
 j - a potion of mutation {unknown}
Comestibles
 d - 3 rations
 k - a chunk of flesh


   Skills:
 * Level 2.6 Fighting
 - Level 2.0 Dodging
 - Level 3.0 Unarmed Combat
 - Level 2.0 Spellcasting
 - Level 2.0 Transmutations


You had 2 spell levels left.
You knew the following spells:

 Your Spells              Type           Power        Failure   Level  Hunger
a - Beastly Appendage     Tmut           #.....       11%         1    ##.....
b - Sticks to Snakes      Tmut           #.......     17%         2    ###....

Your spell library contained the following spells:

 Spells                   Type           Power        Failure   Level  Hunger
 Spider Form              Tmut/Pois      #.........   45%         3    ####...
 Ice Form                 Ice/Tmut       #.......     86%         4    #####..
 Blade Hands              Tmut           #.........   97%         5    ######.


Dungeon Overview and Level Annotations

Branches:
Dungeon (1/15)

Altars:


Innate Abilities, Weirdness & Mutations

You have a pair of horns on your head.


Message History

You hit the hobgoblin.
The hobgoblin is severely wounded.
Your transformation is almost over.
You hit the hobgoblin.
You kill the hobgoblin!
The hobgoblin misses you.
You closely miss the hobgoblin. The hobgoblin hits you with a +0 club.
You hit the hobgoblin.
The hobgoblin is severely wounded.
The hobgoblin barely misses you.
You hit the hobgoblin.
You kill the hobgoblin!
You start resting.
A hobgoblin comes into view. It is wielding a +0 club.
A hobgoblin is nearby!
You see here a +0 club.
The hobgoblin hits you with a +0 club.
* * * LOW HITPOINT WARNING * * *
You hit the hobgoblin but do no damage. The hobgoblin hits you with a +0 club.
You die...

.....###.# .....#
#.### .....#
#...#### ....##
###....#
.....########.#
...(....## #.## ###
.....##..#
#..####...#
.....###.#
##))....# ....##
#.# ###@g### ...##
#.### #....# .###
#...# ##........
.###
#####.##....##.####
....##...........#
..#
###......)....##.#
.#
####)..###.#...#.#
# ##.))###
#.##....# ##.###
#.. .....


You could see a hobgoblin.

Vanquished Creatures
  3 bats (D:1)
  A giant cockroach (D:1)
  3 goblins (D:1)
  2 hobgoblins (D:1)
  2 kobolds (D:1)
  4 frilled lizards (D:1)
  2 rats (D:1)
17 creatures vanquished.

Notes
Turn   | Place    | Note
-------+----------+-------------------------------------------
     0 | D:1      | Legadrian the Human Transmuter began the quest for the Orb.
     0 | D:1      | Reached XP level 1. HP: 15/15 MP: 3/3
    51 | D:1      | Reached XP level 2. HP: 14/22 MP: 5/5
   107 | D:1      | Learned a level 2 spell: Sticks to Snakes
   642 | D:1      | Slain by a hobgoblin

Levels and vault maps discovered:
D:1:      lemuel_arrival_lava_pool, layout_rooms

Skill      XL: |  1  2 |
---------------+-------+-----
Fighting       | 2 |  2.6
Dodging        | |  2.0
Unarmed Combat | |  3.0
Spellcasting   | |  2.0
Transmutations | |  2.0

Action                   || total
-------------------------++-------
Melee: Unarmed           ||    18
       Punch             ||     2
       Whip              ||    31
       Short sword       ||     6
 Cast: Beastly Appendage ||     4
 Stab: Sleeping          ||     1
Armor: Robe              ||    12
Dodge: Dodged            ||    33
